MLB
NEW YORK METS @ PITTSBURGH PIRATES
06/15/2099
 
TOP OF THE 1ST
New York Mets batting - Pitching for Pittsburgh Pirates : LHP Kevin Tomchek
Pitching: LHP Kevin Tomchek
Batting: RHB Jose de la Rosa 0-0: Ball
1-0: Hit by Pitch
Batting: LHB Omar Gomez 0-0: Ball
1-0: SINGLE (Groundball, 34, EV 79.4 MPH)
Jose de la Rosa to second
Batting: RHB Jimmy Moore 0-0: Ball
1-0: Called Strike
1-1: Ball
2-1: Ball
3-1: Called Strike
3-2: Strikes out swinging
Batting: LHB Bill Hayden 0-0: Ball
1-0: Swinging Strike
1-1: Called Strike
1-2: SINGLE (Groundball, 4, EV 86.9 MPH)
Jose de la Rosa to third
Omar Gomez to second
Batting: RHB Jeff Hestermann 0-0: Called Strike
0-1: Grounds into double play, 5-4-3 (Groundball, 5S, EV 83.1 MPH)
Top of the 1st over - 0 runs, 2 hits, 0 errors, 2 left on base; New York 0 - Pittsburgh 0
BOTTOM OF THE 1ST
Pittsburgh Pirates batting - Pitching for New York Mets : RHP Luis Manzano
Pitching: RHP Luis Manzano
Batting: SHB Jamie Hoffman 0-0: Called Strike
0-1: Called Strike
0-2: Strikes out looking
Batting: RHB Randy Wilson 0-0: Ball
1-0: Called Strike
1-1: Called Strike
1-2: SINGLE (Line Drive, 89M, EV 111.3 MPH)
Batting: RHB Yoelbi Eugnio 0-0: Ball
1-0: Foul Ball, location: 7LSF
1-1: Foul Ball, location: 25F
1-2: Foul Ball, location: 9LSF
1-2: Foul Ball, location: 3DF
1-2: Strikes out swinging
Batting: RHB Joey Noles 0-0: Called Strike
0-1: Ball
1-1: Foul Ball, location: 9LMF
1-2: Foul Ball, location: 2F
1-2: Fly out, F7 (Flyball, 78S, EV 89.4 MPH)
Bottom of the 1st over - 0 runs, 1 hit, 0 errors, 1 left on base; New York 0 - Pittsburgh 0
TOP OF THE 2ND
New York Mets batting - Pitching for Pittsburgh Pirates : LHP Kevin Tomchek
Batting: LHB Jason Nielsen 0-0: Called Strike
0-1: Foul Ball, location: 5SF
0-2: Strikes out looking
Batting: RHB Danny Butzlaff 0-0: DOUBLE (Flyball, 78XD, EV 94.4 MPH)
Batting: RHB Mitsuro Kishi 0-0: Ball
1-0: Foul Ball, location: 7LSF
1-1: Foul Ball, location: 2F
1-2: Foul Ball, location: 5F
1-2: Strikes out swinging
Batting: RHB Tim Kingsley 0-0: Ball
1-0: Ball
2-0: Swinging Strike
2-1: Foul Ball, location: 25F
2-2: Ball
3-2: Base on Balls
Batting: RHB Jose de la Rosa 0-0: Ball
1-0: Ball
2-0: Foul Ball, location: 25F
2-1: Foul Ball, location: 3F
2-2: Fly out, F8 (Flyball, 8LM, EV 77.5 MPH)
Top of the 2nd over - 0 runs, 1 hit, 0 errors, 2 left on base; New York 0 - Pittsburgh 0
BOTTOM OF THE 2ND
Pittsburgh Pirates batting - Pitching for New York Mets : RHP Luis Manzano
Batting: RHB Zachary Gugliotta 0-0: Foul Ball, location: 3F
0-1: Ball
1-1: Foul Ball, location: 2F
1-2: Ball
2-2: Ball
3-2: Ground out 6-3 (Groundball, 6, EV 86.3 MPH)
Batting: LHB Phil Samsa 0-0: Ball
1-0: Foul Ball, location: 7LDF
1-1: Ball
2-1: DOUBLE (Flyball, 8RXD, EV 111.3 MPH)
Batting: RHB Carlos Flores 0-0: Called Strike
0-1: Ball
1-1: Called Strike
1-2: Fly out, F4 (Line Drive, 4, EV 67.5 MPH)
Lined into DP, 4-6 (Line Drive, 4, EV 67.5 MPH)
Bottom of the 2nd over - 0 runs, 1 hit, 0 errors, 0 left on base; New York 0 - Pittsburgh 0
TOP OF THE 3RD
New York Mets batting - Pitching for Pittsburgh Pirates : LHP Kevin Tomchek
Batting: LHB Omar Gomez 0-0: Ball
1-0: Foul Ball, location: 2F
1-1: Fly out, F8 (Flyball, 89M, EV 86.3 MPH)
Batting: RHB Jimmy Moore 0-0: Called Strike
0-1: Ball
1-1: Single, Error in OF, E7, batter to second base (Line Drive, 56D, EV 106.3 MPH)
Batting: LHB Bill Hayden 0-0: Fly out, F7 (Flyball, 7D, EV 78.8 MPH)
Batting: RHB Jeff Hestermann 0-0: Called Strike
0-1: Ball
1-1: Fly out, F9 (Flyball, 9D, EV 102.5 MPH)
Top of the 3rd over - 0 runs, 1 hit, 1 error, 1 left on base; New York 0 - Pittsburgh 0
BOTTOM OF THE 3RD
Pittsburgh Pirates batting - Pitching for New York Mets : RHP Luis Manzano
Batting: RHB Alex Velazquez 0-0: Ball
1-0: Ball
2-0: Ball
3-0: Called Strike
3-1: Base on Balls
Batting: RHB Chris Ward 0-0: Foul Ball, location: 7LSF
0-1: Ball
1-1: Ball
2-1: Ball
3-1: Base on Balls
Alex Velazquez to second
Batting: SHB Jamie Hoffman 0-0: SINGLE (Groundball, P, EV 80.6 MPH) (infield hit)
Alex Velazquez to third
Chris Ward to second
Batting: RHB Randy Wilson 0-0: Ball
1-0: Ball
2-0: Ball
3-0: Called Strike
3-1: Base on Balls
Alex Velazquez scores
Chris Ward to third
Jamie Hoffman to second
Batting: RHB Yoelbi Eugnio 0-0: Called Strike
0-1: Ball
1-1: Foul Ball, location: 9LMF
1-2: Strikes out swinging
Batting: RHB Joey Noles 0-0: Ball
1-0: Called Strike
1-1: Ball
2-1: Ball
3-1: Called Strike
3-2: Base on Balls
Chris Ward scores
Jamie Hoffman to third
Randy Wilson to second
Batting: RHB Zachary Gugliotta 0-0: Called Strike
0-1: Ball
1-1: Ball
2-1: Swinging Strike
2-2: Foul Ball, location: 2F
2-2: Strikes out swinging
Batting: LHB Phil Samsa 0-0: Ball
1-0: Called Strike
1-1: Fly out, F7 (Flyball, 7, EV 90.0 MPH)
Bottom of the 3rd over - 2 runs, 1 hit, 0 errors, 3 left on base; New York 0 - Pittsburgh 2
TOP OF THE 4TH
New York Mets batting - Pitching for Pittsburgh Pirates : LHP Kevin Tomchek
Pinch Hitting: RHB Chris Sims 0-0: Ball
1-0: Swinging Strike
1-1: Swinging Strike
1-2: Foul Ball, location: 2F
1-2: Strikes out swinging
Batting: RHB Danny Butzlaff 0-0: SINGLE (Groundball, 4D, EV 100.6 MPH)
Batting: RHB Mitsuro Kishi 0-0: Called Strike
0-1: Ball
1-1: Ball
2-1: Foul Ball, location: 25F
2-2: Foul Ball, location: 9LMF
2-2: Foul Ball, location: 9LMF
2-2: Foul Ball, location: 2F
2-2: SINGLE (Flyball, 89S, EV 98.8 MPH)
Danny Butzlaff to second
Batting: RHB Tim Kingsley 0-0: Fly out, F9 (Flyball, 9, EV 97.5 MPH)
Batting: RHB Jose de la Rosa 0-0: Called Strike
0-1: Ball
Wild Pitch!
Danny Butzlaff to third
Mitsuro Kishi to second
1-1: Foul Ball, location: 9LDF
1-2: Strikes out swinging
Top of the 4th over - 0 runs, 2 hits, 0 errors, 2 left on base; New York 0 - Pittsburgh 2
BOTTOM OF THE 4TH
Pittsburgh Pirates batting - Pitching for New York Mets : RHP Luis Manzano
Now at SS: Chao Siew
Batting: RHB Carlos Flores 0-0: Ball
1-0: Foul Ball, location: 3F
1-1: DOUBLE (Line Drive, 9LD, EV 101.9 MPH)
Batting: RHB Alex Velazquez 0-0: Ball
1-0: Ball
2-0: Called Strike
2-1: Fly out, F9 (Flyball, 9D, EV 93.8 MPH)
Runner from 2nd tags up, SAFE at 3rd, no throw by RF
Batting: RHB Chris Ward 0-0: Called Strike
0-1: Swinging Strike
0-2: Ball
1-2: Foul Ball, location: 2F
1-2: Strikes out swinging
Batting: SHB Jamie Hoffman 0-0: Ball
1-0: Foul Ball, location: 3F
1-1: Foul Ball, location: 5DF
1-2: Ball
2-2: Strikes out looking
Bottom of the 4th over - 0 runs, 1 hit, 0 errors, 1 left on base; New York 0 - Pittsburgh 2
TOP OF THE 5TH
New York Mets batting - Pitching for Pittsburgh Pirates : LHP Kevin Tomchek
Batting: LHB Omar Gomez 0-0: Ball
1-0: Foul Ball, location: 9LMF
1-1: Ball
2-1: Fly out, F7 (Flyball, 7S, EV 91.3 MPH)
Batting: RHB Jimmy Moore 0-0: Called Strike
0-1: Fly out, F8 (Flyball, 8LD, EV 95.0 MPH)
Batting: LHB Bill Hayden 0-0: Fly out, F9 (Flyball, 89XD, EV 89.4 MPH)
Top of the 5th over - 0 runs, 0 hits, 0 errors, 0 left on base; New York 0 - Pittsburgh 2
BOTTOM OF THE 5TH
Pittsburgh Pirates batting - Pitching for New York Mets : RHP Luis Manzano
Batting: RHB Randy Wilson 0-0: Ball
1-0: Called Strike
1-1: Foul Ball, location: 9LMF
1-2: Strikes out swinging
Batting: RHB Yoelbi Eugnio 0-0: Ball
1-0: Ball
2-0: Ball
3-0: Called Strike
3-1: Fly out, F7 (Flyball, 78S, EV 94.4 MPH)
Pitching: LHP Rich Cerda
Batting: RHB Joey Noles 0-0: Ball
1-0: Foul Ball, location: 3F
1-1: Ball
2-1: Ball
3-1: Foul Ball, location: 9LDF
3-2: Fly out, F6 (Popup, 6S, EV 73.1 MPH)
Bottom of the 5th over - 0 runs, 0 hits, 0 errors, 0 left on base; New York 0 - Pittsburgh 2
TOP OF THE 6TH
New York Mets batting - Pitching for Pittsburgh Pirates : LHP Kevin Tomchek
Batting: RHB Jeff Hestermann 0-0: Ball
1-0: SINGLE (Line Drive, 9LS, EV 95.6 MPH)
Batting: LHB Chao Siew 0-0: Called Strike
0-1: Called Strike
0-2: Ball
1-2: Foul Ball, location: 7LMF
1-2: Strikes out looking
Batting: RHB Danny Butzlaff 0-0: Ball
1-0: Fly out, F8 (Flyball, 89M, EV 96.3 MPH)
Batting: RHB Mitsuro Kishi 0-0: 2-RUN HOME RUN (Flyball, 7D, EV 97.5 MPH), Distance : 369 ft
Batting: RHB Tim Kingsley 0-0: Called Strike
0-1: Called Strike
0-2: Ball
1-2: Strikes out swinging
Top of the 6th over - 2 runs, 2 hits, 0 errors, 0 left on base; New York 2 - Pittsburgh 2
BOTTOM OF THE 6TH
Pittsburgh Pirates batting - Pitching for New York Mets : LHP Rich Cerda
Batting: RHB Zachary Gugliotta 0-0: Fly out, F7 (Line Drive, 78M, EV 96.3 MPH)
Batting: LHB Phil Samsa 0-0: Called Strike
0-1: Foul Ball, location: 2F
0-2: Strikes out swinging
Batting: RHB Carlos Flores 0-0: Ball
1-0: DOUBLE (Line Drive, 9LM, EV 103.8 MPH)
Batting: RHB Alex Velazquez 0-0: Ball
1-0: Ball
2-0: SINGLE (Flyball, 6D, EV 94.4 MPH)
Carlos Flores to third
Runner from 3rd tries for Home, SAFE, throw by CF to home
Batting: RHB Chris Ward 0-0: Ball
1-0: Fly out, F8 (Flyball, 89M, EV 81.3 MPH)
Bottom of the 6th over - 1 run, 2 hits, 0 errors, 1 left on base; New York 2 - Pittsburgh 3
TOP OF THE 7TH
New York Mets batting - Pitching for Pittsburgh Pirates : LHP Kevin Tomchek
Batting: RHB Jose de la Rosa 0-0: Ball
1-0: Foul Ball, location: 25F
1-1: Fly out, F9 (Flyball, 9S, EV 83.1 MPH)
Pinch Hitting: SHB Marc Sakkal 0-0: Ball
1-0: Foul Ball, location: 9LSF
1-1: Swinging Strike
1-2: Ball
2-2: Foul Ball, location: 2F
2-2: Ground out 6-3 (Groundball, 6, EV 85.6 MPH)
Batting: RHB Jimmy Moore 0-0: Ball
1-0: Ball
2-0: Ball
3-0: Called Strike
3-1: Base on Balls
Pitching: RHP Joe Duncan
Batting: LHB Bill Hayden 0-0: Swinging Strike
0-1: Ball
1-1: Fly out, F7 (Flyball, 7D, EV 91.9 MPH)
Top of the 7th over - 0 runs, 0 hits, 0 errors, 1 left on base; New York 2 - Pittsburgh 3
BOTTOM OF THE 7TH
Pittsburgh Pirates batting - Pitching for New York Mets : LHP Rich Cerda
Now at 1B: Tyler Brown
Batting: SHB Jamie Hoffman 0-0: Called Strike
0-1: Swinging Strike
0-2: Hit by Pitch
Batting: RHB Randy Wilson 0-0: Ball
1-0: Foul Ball, location: 5FF
1-1: Called Strike
1-2: Ball
2-2: Fly out, F9 (Line Drive, 89M, EV 91.9 MPH)
Batting: RHB Yoelbi Eugnio 0-0: Ball
1-0: Foul Ball, location: 5FF
1-1: Ball
2-1: Foul Ball, location: 2F
2-2: Ball
3-2: Fielders Choice at 2nd, 4-6 (Groundball, 34, EV 83.8 MPH)
Batting: RHB Joey Noles 0-0: Called Strike
0-1: Ball
Yoelbi Eugnio steals 2nd base (no throw)
1-1: Ball
2-1: Ball
3-1: Foul Ball, location: 9LMF
3-2: SINGLE (Line Drive, 7S, EV 91.9 MPH)
Yoelbi Eugnio to third
Runner from 3rd tries for Home, SAFE, throw by LF to home
Pitching: RHP Jon Simmons
Batting: RHB Zachary Gugliotta 0-0: Ball
1-0: Called Strike
1-1: Foul Ball, location: 3F
1-2: Strikes out looking
Bottom of the 7th over - 1 run, 1 hit, 0 errors, 1 left on base; New York 2 - Pittsburgh 4
TOP OF THE 8TH
New York Mets batting - Pitching for Pittsburgh Pirates : RHP Joe Duncan
Pitching: RHP Dana House
Now in RF: Todd Schuller
Batting: RHB Jeff Hestermann 0-0: Ball
1-0: Fly out, F7 (Flyball, 7S, EV 90.0 MPH)
Batting: LHB Chao Siew 0-0: Ball
1-0: Ball
2-0: Called Strike
2-1: Ground out U3 (Groundball, 3L, EV 101.3 MPH)
Batting: RHB Danny Butzlaff 0-0: Foul Ball, location: 23F
0-1: Foul Ball, location: 2F
0-2: SINGLE (Groundball, 6D, EV 96.9 MPH)
Batting: RHB Mitsuro Kishi 0-0: Ball
1-0: Foul Ball, location: 2F
1-1: Ball
2-1: Foul Ball, location: 9LMF
2-2: Ball
3-2: Foul Ball, location: 9LSF
3-2: Ground out 6-3 (Groundball, 6S, EV 86.9 MPH)
Top of the 8th over - 0 runs, 1 hit, 0 errors, 1 left on base; New York 2 - Pittsburgh 4
BOTTOM OF THE 8TH
Pittsburgh Pirates batting - Pitching for New York Mets : RHP Jon Simmons
Batting: LHB Phil Samsa 0-0: Ball
1-0: Foul Ball, location: 2F
1-1: Swinging Strike
1-2: Strikes out swinging
Batting: RHB Carlos Flores 0-0: Ball
1-0: Called Strike
1-1: Called Strike
1-2: Ball
2-2: Ground out 6-3 (Groundball, 6, EV 92.5 MPH)
Batting: RHB Alex Velazquez 0-0: Ball
1-0: Fly out, F8 (Flyball, 8LD, EV 88.1 MPH)
Bottom of the 8th over - 0 runs, 0 hits, 0 errors, 0 left on base; New York 2 - Pittsburgh 4
TOP OF THE 9TH
New York Mets batting - Pitching for Pittsburgh Pirates : RHP Dana House
Batting: RHB Tim Kingsley 0-0: Ball
1-0: Ball
2-0: Ball
3-0: Base on Balls
Batting: RHB Jose de la Rosa 0-0: Swinging Strike
0-1: Foul Ball, location: 9LSF
0-2: Foul Ball, location: 3F
0-2: Ball
1-2: Ball
2-2: Foul Ball, location: 2F
2-2: Ball
3-2: Ground out 4-3 (Groundball, 34, EV 83.1 MPH)
Tim Kingsley to second
Pitching: RHP Kymani Gaines
Batting: LHB Tyler Brown 0-0: Ball
1-0: Swinging Strike
1-1: Fly out, F9 (Flyball, 89D, EV 101.3 MPH)
Runner from 2nd tags up, SAFE at 3rd, no throw by RF
Batting: RHB Jimmy Moore 0-0: Ball
1-0: DOUBLE (Groundball, 5L, EV 102.5 MPH)
Tim Kingsley scores
Batting: LHB Bill Hayden 0-0: Called Strike
0-1: Ball
1-1: Ball
2-1: Fly out, F8 (Flyball, 8RS, EV 86.9 MPH)
Top of the 9th over - 1 run, 1 hit, 0 errors, 1 left on base; New York 3 - Pittsburgh 4
Thursday, May 9th , 2024 - OOTP Baseball 24.11 Build 85